Map: Lost and Found LE

Players

igebaker

  • Race: Protoss Protoss
  • League: Diamond
  • Spawn Location: 1:00

Nordy - Winner!

  • Race: Protoss Protoss
  • League: Diamond
  • Spawn Location: 7:00

VOD

Have the link to the VOD?

Description

Time

  • Played on: July 16, 2018, 10:09 a.m.
  • Length: 10:34
Show
View Real Time Build Order
Export as new Build Order

igebaker Protoss 

Build Orders:  

Get SALT Encoding   

  12  0:00  Probe  
  13  0:13  Probe  
  14  0:21  Pylon  
  14  0:25  Probe  
  15  0:36  Probe  
  15  0:39  Gateway  
  16  0:44  Probe  
  16  0:49  Assimilator  
  17  0:53  Probe  
  18  0:59  Assimilator  
  18  1:05  Probe  
  19  1:17  Probe  
  20  1:26  Probe  
  20  1:27  Cybernetics Core  
  21  1:34  Probe  
  21  1:39  Pylon  
  22  1:45  Gateway  
  22  1:47  Probe  
  23  2:00  Probe  
  23  2:01  Pylon  
  24  2:03  Warp Gate  
  24  2:12  Probe  
  25  2:32  Nexus  
  25  2:38  Stalker  
  25  2:40  Probe  
  25  2:42  Stalker  
  29  2:52  Probe  
  30  2:59  Shield Battery  
  30  3:04  Probe  
  31  3:16  Probe  
  31  3:19  Sentry  
  34  3:20  Stalker  
  36  3:28  Probe  
  36  3:30  Stargate  
  37  3:41  Probe  
  38  3:46  Probe  
  39  3:53  Probe  
  40  3:58  Probe  
  40  4:01  Assimilator  
  41  4:04  Probe, Assimilator  
  41  4:07  Probe, Phoenix  
  42  4:11  Robotics Facility  
  42  4:12  Probe  
  42  4:15  Probe  
  46  4:20  Probe  
  43  4:35  Probe x2  
  45  4:41  Phoenix  
  47  4:47  Probe x2  
  47  4:49  Immortal  
  49  4:59  Probe  
  54  5:09  Pylon x2  
  54  5:10  Pylon  
  54  5:22  Phoenix  
  54  5:27  Probe x2  
  58  5:38  Nexus  
  58  5:39  Probe  
  58  5:41  Phoenix  
  61  5:50  Probe  
  61  5:51  Pylon  
  61  5:53  Probe  
  63  5:58  Probe  
  63  6:00  Immortal  
  64  6:06  Probe  
  64  6:07  Probe  
  64  6:08  Phoenix  
  72  6:18  Probe  
  72  6:20  Probe  
  72  6:21  Shield Battery  
  74  6:30  Probe  
  74  6:32  Probe, Pylon  
  76  6:40  Gateway x2  
  76  6:41  Gateway  
  76  6:45  Gateway  
  76  6:48  Probe x2  
  78  7:01  Immortal  
  82  7:18  Forge, Twilight Council  
  82  7:21  Forge  
  82  7:22  Probe x2  
  84  7:27  Probe  
  85  7:31  Assimilator  
  85  7:34  Probe x2  
  85  7:36  Assimilator  
  87  7:39  Probe  
  88  7:46  Probe  
  88  7:48  Protoss Ground Weapons Level 1  
  89  7:53  Immortal  
  87  7:59  Protoss Ground Armor Level 1  
  87  8:00  Charge  
  91  8:13  Templar Archives  
  91  8:17  Zealot x6  
  103  8:38  Observer  
  104  8:50  High Templar x2  
  108  8:56  Pylon x2  
  108  8:57  Archon  
  108  8:59  Pylon x2  
  108  9:01  Pylon  
  108  9:14  Immortal  
  112  9:20  Zealot x3  
  112  9:21  Zealot  
  112  9:22  Zealot x2  
  124  9:28  Nexus  
  124  9:30  Pylon  
  124  9:31  Pylon  
  124  9:33  Gateway  
  124  9:37  Gateway  
  123  9:39  Gateway  
  121  9:46  Zealot x6  
  85  10:09  Zealot x6  
  85  10:12  Shield Battery  
  89  10:16  Shield Battery  
Show
View Real Time Build Order
Export as new Build Order

Nordy Protoss - Winner!

Build Orders: Oracle Opening, Zealot Archon 

Get SALT Encoding   

  12  0:00  Probe  
  13  0:13  Probe  
  14  0:17  Pylon  
  14  0:25  Probe  
  15  0:34  Probe  
  15  0:39  Gateway  
  15  0:42  Probe  
  16  0:48  Assimilator  
  17  0:51  Probe  
  18  0:58  Assimilator  
  18  1:05  Probe  
  19  1:19  Gateway  
  19  1:24  Probe  
  20  1:37  Cybernetics Core  
  20  1:41  Probe, Pylon  
  21  1:53  Probe  
  22  2:05  Stalker x2  
  26  2:17  Warp Gate  
  26  2:23  Probe  
  27  2:34  Pylon, Stargate  
  27  2:42  Probe  
  28  2:54  Probe, Stalker  
  28  2:56  Stalker  
  33  3:06  Probe  
  33  3:09  Oracle  
  34  3:18  Probe  
  38  3:29  Nexus  
  38  3:35  Probe  
  39  3:58  Robotics Facility  
  39  4:00  Gateway  
  39  4:02  Probe  
  39  4:05  Pylon  
  39  4:23  Probe  
  40  4:35  Probe  
  40  4:38  Twilight Council  
  41  4:40  Gateway  
  41  4:41  Probe, Gateway  
  41  4:43  Gateway  
  42  4:50  Observer  
  43  4:58  Probe  
  43  4:59  Probe  
  45  5:05  Stalker  
  45  5:06  Probe  
  47  5:07  Probe  
  47  5:13  Charge  
  49  5:14  Probe  
  49  5:15  Probe  
  49  5:20  Stalker x2  
  55  5:26  Probe x2, Assimilator  
  57  5:28  Assimilator  
  57  5:40  Templar Archives  
  57  5:42  Zealot, Pylon  
  59  5:53  Probe  
  59  5:54  Probe  
  61  6:01  Nexus  
  61  6:04  Pylon  
  61  6:10  Zealot x2  
  65  6:12  Immortal  
  65  6:17  Probe x2  
  71  6:28  Zealot x2  
  71  6:31  Probe  
  71  6:32  Probe  
  77  6:43  Probe  
  78  6:50  Pylon  
  78  6:52  Pylon  
  78  6:57  Probe, Pylon  
  77  7:10  Stalker x6  
  89  7:22  Probe x2  
  88  7:23  Probe  
  89  7:31  Immortal  
  89  7:33  High Templar x2  
  89  7:34  Probe x2, High Templar x2  
  89  7:35  Probe  
  100  7:38  Archon  
  100  7:39  Archon  
  103  8:02  High Templar  
  103  8:04  Zealot  
  107  8:07  Pylon  
  107  8:08  Pylon  
  107  8:09  Probe x3, Assimilator  
  110  8:13  Assimilator  
  110  8:17  High Templar  
  112  8:23  Zealot, Warp Prism, Archon  
  112  8:24  Zealot  
  112  8:26  Zealot x2  
  122  8:35  Probe x2  
  122  8:36  Probe  
  122  8:39  Robotics Facility  
  125  8:51  Immortal, High Templar x2, Nexus  
  125  8:53  Pylon  
  125  8:55  Pylon, Archon  
  129  8:57  Pylon  
  129  9:02  Forge  
  133  9:04  Forge  
  132  9:13  Zealot  
  132  9:14  Zealot x3  
  140  9:19  Gateway  
  140  9:47  Zealot x3  
  140  9:48  Zealot x3  
  94  10:08  Zealot x5  
  94  10:09  Zealot  
  90  10:28  Zealot x4  
  92  10:29  Zealot x2  
Tags
 
Add a new tag
Caveats
  • Supply blocks, unpowered buildings, or Contaminate may cause inaccurate times.
  • Supply counts are checked every 10 seconds.